 Dungeon Crawl Stone Soup version 0.25.1-2-g60ff931df9 (webtiles) character file.

Game seed: 1147869776489483536

108048 khekkus the Warrior (level 16, -11/149 HPs)
             Began as a Minotaur Fighter on Sept 11, 2020.
             Was the Champion of Okawaru.
             Killed by divine providence
             ... invoked by a smoke demon
              (14 damage)
             ... on level 3 of the Abyss on Sept 17, 2020.
             The game lasted 02:06:50 (28544 turns).

khekkus the Warrior (Minotaur Fighter)             Turns: 28544, Time: 02:06:50

Health: -11/149    AC: 22    Str: 39    XL:     16   Next: 1%
Magic:  30/30      EV: 12    Int: -4 (3) God:    Okawaru [******]
Gold:   2094       SH: 15    Dex: 12    Spells: 15/15 levels left

rFire    . . .     SeeInvis +   a - +9 morningstar of Infinite Pain {speed, Str+4 Int+2}
rCold    + . .     Gourm    .   c - +1 kite shield
rNeg     + . .     Faith    .   m - +4 plate armour {rC+}
rPois    +         Spirit   .   z - +2 hat of Kudwad {MP+9}
rElec    .         Reflect  .   u - +0 cloak "Soviq" {rPois Str+9 Stlth-}
rCorr    +         Harm     .   L - +0 pair of gloves
MR       +....     Rnd*Rage +   M - +1 pair of boots {Fly}
Stlth    ..........             w - amulet "Uckof" {Regen+ SInv}
HPRegen  0.00/turn              e - ring of positive energy
MPRegen  0.22/turn              H - ring of resist corrosion

@: flying, slowed, lost intelligence, very slow
A: retaliatory headbutt, horns 2, [berserk 2], [blurry vision 2], [deformed
body], [deterioration 2], [dopey 2], [inhibited regeneration], [subdued magic 2]
a: Heroism, Finesse, Renounce Religion, Stop Flying


You were on level 3 of the Abyss.
You worshipped Okawaru.
Okawaru was exalted by your worship.
You were not hungry.

You visited 5 branches of the dungeon, and saw 25 of its levels.
You visited the Abyss 1 time.
You also visited: Sewer and Ice Cave.

You collected 2715 gold pieces.
You spent 621 gold pieces at shops.

Inventory:

Hand Weapons
 a - the +9 morningstar of Infinite Pain (weapon) {speed, Str+4 Int+2}
   (You found it on level 13 of the Dungeon)

   Attacks with this weapon are significantly faster.
   It affects your strength (+4).
   It affects your intelligence (+2).
 b - a +2 vorpal hunting sling
 s - the +0 dagger of Calculation {flame, *Noise rC+ MR+ Int+8 Dex+3}
   (Okawaru gifted it to you on level 2 of the Lair of Beasts)

   It has been specially enchanted to burn those struck by it, causing extra
   injury to most foes and up to half again as much damage against particularly
   susceptible opponents.
   It affects your intelligence (+8).
   It affects your dexterity (+3).
   It protects you from cold.
   It affects your resistance to hostile enchantments.
   It may make noises in combat.
 x - a +3 vorpal great sword
 U - a +0 vorpal eveningstar
 V - a +2 great sword of holy wrath
Missiles
 I - 165 sling bullets (quivered)
Armour
 c - a +1 kite shield (worn)
 m - a +4 plate armour of cold resistance (worn)
 p - a +0 tower shield
 q - +0 swamp dragon scales
 r - a +2 chain mail of positive energy
 u - the +0 cloak "Soviq" (worn) {rPois Str+9 Stlth-}
   (Okawaru gifted it to you on level 1 of the Elven Halls)

   It affects your strength (+9).
   It protects you from poison.
   It makes you less stealthy.
 v - the +0 scale mail "Dudeov" {*Corrode rN+ Int+4 Stlth-}
   (Okawaru gifted it to you on level 3 of the Lair of Beasts)

   It affects your intelligence (+4).
   It protects you from negative energy.
   It may corrode you when you take damage.
   It makes you less stealthy.
 y - the +0 chain mail of Untruth {Regen+ Int+7}
   (You found it on level 3 of the Abyss)

   It affects your intelligence (+7).
   It increases your rate of regeneration.
 z - the +2 hat of Kudwad (worn) {MP+9}
   (You found it on level 1 of the Lair of Beasts)

   It affects your magic capacity (+9).
 L - a +0 pair of gloves (worn)
 M - a +1 pair of boots of flying (worn)
 W - the +1 robe of the Black Moon {*Corrode rElec rN+ MR+++}
   (You found it on level 6 of the Lair of Beasts)

   It insulates you from electricity.
   It protects you from negative energy.
   It affects your resistance to hostile enchantments.
   It may corrode you when you take damage.
Jewellery
 e - a ring of positive energy (left hand)
 w - the amulet "Uckof" (around neck) {Regen+ SInv}
   (You found it on level 7 of the Dungeon)

   [amulet of regeneration]

   It lets you see invisible.
   It increases your rate of regeneration.
 D - an uncursed ring of resist corrosion
 H - a ring of resist corrosion (right hand)
 N - an uncursed amulet of reflection
 X - an uncursed ring of protection from magic
Wands
 d - a wand of paralysis (9)
 i - a wand of random effects (34)
 j - a wand of clouds (8)
 E - a wand of flame (34)
 J - a wand of acid (6)
 K - a wand of disintegration (18)
 P - a wand of iceblast (5)
Scrolls
 h - 4 scrolls of teleportation
 o - 15 scrolls of remove curse
 B - 3 scrolls of blinking
 C - 4 scrolls of enchant weapon
 G - 2 scrolls of amnesia
 S - a scroll of magic mapping
Potions
 g - a potion of magic
 k - 4 potions of stabbing
 l - a potion of invisibility
 n - 7 potions of flight
 t - 4 potions of brilliance
 A - a potion of haste
 F - 3 potions of might
Comestibles
 f - 28 rations


   Skills:
 - Level 15.0 Fighting
 - Level 4.6(8.8) Short Blades
 - Level 12.2(12.6) Long Blades
 + Level 14.8 Maces & Flails
 - Level 5.3 Slings
 - Level 13.2 Armour
 - Level 8.0 Dodging
 - Level 3.1 Stealth
 - Level 11.6 Shields
 - Level 9.0 Invocations
 - Level 6.1 Evocations


You had 15 spell levels left.
You didn't know any spells.
Your spell library contained the following spells:

 Spells                   Type           Power        Failure   Level  Hunger
 Foxfire                  Conj/Fire      #...         99%         1    ##.....
 Infusion                 Chrm           #...         99%         1    ##.....
 Ensorcelled Hibernation  Hex/Ice        #.....       99%         2    ###....
 Poisonous Vapours        Pois/Air       #.....       99%         2    ###....
 Shroud of Golubria       Chrm/Tloc      #.....       99%         2    ###....
 Song of Slaying          Chrm           #.......     99%         2    ###....
 Confusing Touch          Hex            #.......     100%        3    ####...
 Conjure Flame            Conj/Fire      #.......     100%        3    ####...
 Gell's Gravitas          Tloc           #.........   100%        3    ####...
 Inner Flame              Hex/Fire       #.......     100%        3    ####...
 Mephitic Cloud           Conj/Pois/Air  #.......     100%        3    ####...
 Ozocubu's Armour         Chrm/Ice       #.......     100%        3    ####...
 Spectral Weapon          Hex/Chrm       #.......     100%        3    ####...
 Cause Fear               Hex            #.........   100%        4    #####..
 Petrify                  Tmut/Erth      #.......     100%        4    #####..
 Sticky Flame             Conj/Fire      #.......     100%        4    #####..
 Borgnjor's Vile Clutch   Necr/Erth      #.........   100%        5    ######.
 Fireball                 Conj/Fire      #.........   100%        5    ######.
 Irradiate                Conj/Tmut      #.........   100%        5    ######.
 Metabolic Englaciation   Hex/Ice        #.........   100%        5    ######.
 Silence                  Hex/Air        #.........   100%        5    ######.
 Yara's Violent Unravell  Hex/Tmut       #.........   100%        5    ######.
 Darkness                 Hex            #.........   100%        6    #######
 Freezing Cloud           Conj/Ice/Air   #.........   100%        6    #######
 Hydra Form               Tmut           #.........   100%        6    #######
 Shadow Creatures         Summ           N/A          100%        6    #######
 Statue Form              Tmut/Erth      #........    100%        6    #######
 Dragon Form              Tmut           #.........   100%        7    #######
 Ring of Flames           Chrm/Fire      #.........   100%        7    #######
 Discord                  Hex            #.........   100%        8    #######


Dungeon Overview and Level Annotations

Branches:
Dungeon (15/15)            Temple (1/1) D:4            Lair (6/6) D:10
  Swamp (0/4) Lair:2       Spider (0/4) Lair:3        Slime (0/5) Lair:6
    Orc (2/2) D:12            Elf (1/3) Orc:2        Vaults (0/5) D:14
 Depths (0/5) D:15          Sewer (visited)           IceCv (visited)

Altars:
Ashenzari
Cheibriados
Dithmenos
Elyvilon
Fedhas
Gozag
Hepliaklqana
Kikubaaqudgha
Makhleb
Nemelex Xobeh
Okawaru
Qazlal
Ru
Sif Muna
Trog
Uskayaw
Vehumet
Wu Jian
Xom
Yredelemnul
Zin
The Shining One

Shops:
D:4 (   D:10 [   Orc:1 (   Orc:2 *([=

Portals:
Trove: D:12 (give +4 storm dragon scales)

Annotations:
D:5 Sigmund


Innate Abilities, Weirdness & Mutations

You reflexively headbutt those who attack you in melee.
You have a pair of horns on your head.
[You often lose your temper in combat.]
[Scrolls take you longer to read.]
[Armour fits poorly on your strangely shaped body.]
[Your body often deteriorates upon taking damage.]
[You are very dopey. (Int -4)]
[You do not regenerate when monsters are visible.]
[Your spells are easier to cast, but less powerful.]


Message History

The dire elephant skeleton is lightly damaged.
You block the dire elephant skeleton's attack.
Found 49 gold pieces.
A starcursed mass splits.
The wretched star pulses with an eldritch light!
Your connection to magic feels subdued.
Your connection to magic feels more subdued.
A starcursed mass splits.
A deafening chorus of shrieks assaults your mind!
* * * LOW HITPOINT WARNING * * *
The neqoxec gestures.
A hungry ghost comes into view.
The ufetubus disappears in a puff of smoke!
A deafening chorus of shrieks assaults your mind!
* * * LOW HITPOINT WARNING * * *
The smoke demon gestures at you.
The ball of steam hits you but does no damage.
The smoke demon gestures at you. Something smites you!
You die...

#.... #.... ## . #...
..### ...
##.#########....#
..#.##...##.....§§W...
#...#.....#...#§.§..#.
#.#....GXX....§§.§....
."....X.#.*u§..§.....
#.##...###3..@.......
# #......#X#.3...#....
#.......XX.##XX5## ...
.#. .....Z.#.....#
#... ..>.$3.X.....
..#.. ...#..§...... .#
.#... ##.........
#....... .#.....#...
###.... .3##3..##


You could see 5 starcursed masses, a white very ugly thing, a wretched star, a
glowing orange brain, a large abomination, a smoke demon, a hungry ghost, a
neqoxec, a ynoxinul and an iron imp (summoned).

Vanquished Creatures
  A daeva (Abyss:2)
  A deep elf sorcerer (Elf:1)
  An orc warlord (Orc:1)
  An ironheart preserver (D:14)
  Nessos (Lair:4)
  A deep elf death mage (Elf:1)
  Josephine (D:12)
  A great orb of eyes (Abyss:3)
  A yaktaur captain (D:15)
  An ice dragon (Lair:4)
  5 hydras
  5 catoblepae
  3 dancing weapons (Elf:1)
  An ogre mage (D:15)
  2 centaur warriors (D:13)
  A tengu warrior (D:15)
  A two-headed ogre (D:15)
  14 death yaks
  5 orc high priests
  Nergalle (D:11)
  8 deep elf knights
  A wretched star (Abyss:2)
  A glowing orange brain (Abyss:2)
  A wizard (Abyss:3)
  An unseen horror (D:15)
  7 deep elf archers (Elf:1)
  5 orc knights (Orc:1)
  20 deep elf magi (Elf:1)
  4 ugly things
  3 orc sorcerers (Orc:1)
  A cyclops (shapeshifter) (D:15)
  A worldbinder (Abyss:2)
  4 cyclopes
  A water nymph (shapeshifter) (Abyss:3)
  5 black mambas
  An ice statue (Lair:4)
  11 spiny frogs
  2 manticores (Lair:6)
  An apocalypse crab (Abyss:3)
  A gargoyle (D:10)
  A rust devil (Abyss:3)
  2 torpor snails (Lair:6)
  A kobold demonologist (D:13)
  A rime drake (Lair:5)
  An efreet (D:14)
  3 komodo dragons
  10 trolls
  2 yaktaurs (D:15)
  An ancient zyme (Abyss:2)
  3 polar bears
  A jumping spider (Lair:3)
  Grinder (D:6)
  A hornet (Lair:5)
  3 raiju (Abyss:2)
  5 blink frogs (Lair:5)
  A bog body (Lair:2)
  A centaur simulacrum (D:15)
  11 hippogriffs
  6 spriggans (Lair:5)
  2 shadows
  2 vampires
  5 wraiths
  A water elemental (Elf:1)
  44 yaks
  2 air elementals (Elf:1)
  2 wyverns
  2 large abominations (Abyss:2)
  5 small abominations
  5 basilisks
  4 vampire mosquitoes (D:14)
  2 hungry ghosts
  A hog (shapeshifter) (D:14)
  A neqoxec (Abyss:2)
  4 wargs
  An acid dragon (D:7)
  A soldier ant (D:14)
  3 water moccasins
  11 porcupines
  3 eyes of draining (D:13)
  37 orc warriors
  16 ice beasts
  2 sky beasts
  4 necrophages
  11 ogres
  2 phantoms
  11 centaurs
  10 wolves (Lair:2)
  10 crocodiles
  21 bullfrogs
  3 big kobolds
  A wyvern zombie (D:12)
  4 earth elementals (Elf:1)
  12 killer bees
  8 scorpions
  14 wights
  2 bullfrog zombies (D:13)
  A howler monkey (D:6)
  5 crimson imps
  5 starcursed masses (Abyss:2)
  3 centaur zombies
  7 hounds
  2 jellies
  16 orc priests
  7 centaur skeletons
  26 orc wizards
  5 bullfrog skeletons
  7 iguanas
  Natasha (thrice) (D:2)
  12 worker ants
  A killer bee zombie (D:5)
  3 gnolls (D:4)
  17 adders
  2 river rats
  2 white imps (Lair:4)
  An ufetubus (Abyss:2)
  2 oozes
  2 adder zombies
  An adder skeleton (D:4)
  6 worms
  2 dart slugs (D:1)
  4 leopard geckos
  82 orcs
  6 ball pythons
  6 giant cockroaches
  2 gnoll zombies (D:4)
  7 goblins
  6 hobgoblins
  18 jackals
  5 quokkas
  12 bats
  8 frilled lizards
  25 kobolds
  3 leopard gecko skeletons
  36 rats
  2 fungi
811 creatures vanquished.

Vanquished Creatures (collateral kills)
  A neqoxec (Abyss:3)
1 creature vanquished.

Vanquished Creatures (others)
  A deep elf knight (Elf:1)
  A deep elf archer (Elf:1)
  A bush (Lair:1)
  7 fungi
  9 plants
19 creatures vanquished.

Grand Total: 831 creatures vanquished

Notes
Turn   | Place    | Note
-------+----------+-------------------------------------------
     0 | D:1      | khekkus the Minotaur Fighter began the quest for the Orb.
     0 | D:1      | Reached XP level 1. HP: 19/19 MP: 0/0
   105 | D:1      | Reached skill level 1 in Short Blades
   105 | D:1      | Reached XP level 2. HP: 27/27 MP: 1/1
   357 | D:1      | Reached XP level 3. HP: 33/33 MP: 2/2
   771 | D:2      | Noticed Natasha
   776 | D:2      | Killed Natasha
   776 | D:2      | Reached skill level 4 in Fighting
   776 | D:2      | Reached XP level 4. HP: 35/40 MP: 3/3
   800 | D:2      | Noticed Natasha
   807 | D:2      | Killed Natasha
   807 | D:2      | Reached skill level 1 in Dodging
  1190 | D:2      | Noticed Natasha
  1196 | D:2      | Killed Natasha
  1196 | D:2      | Reached XP level 5. HP: 43/47 MP: 4/4
  1227 | D:2      | Found a shadowy altar of Dithmenos.
  1685 | D:3      | Found a burning altar of Makhleb.
  1764 | D:3      | Reached skill level 5 in Fighting
  1830 | D:3      | Found a snail-covered altar of Cheibriados.
  2154 | D:3      | Found an ornate altar of the Wu Jian Council.
  2154 | D:3      | Found a shattered altar of Ashenzari.
  2271 | D:3      | Reached XP level 6. HP: 56/56 MP: 5/5
  2675 | D:4      | Reached XP level 7. HP: 57/62 MP: 6/6
  2680 | D:4      | Reached skill level 6 in Fighting
  2968 | D:4      | Found a staircase to the Ecumenical Temple.
  2997 | Temple   | Entered the Ecumenical Temple
  3095 | Temple   | Became a worshipper of Warmaster Okawaru
  3154 | D:4      | Reached skill level 5 in Armour
  3154 | D:4      | Reached skill level 5 in Shields
  3353 | D:4      | Found Wirghaf's Antique Weapon Shoppe.
  3530 | D:4      | Found a basalt altar of Yredelemnul.
  3585 | D:5      | Entered Level 5 of the Dungeon
  3629 | D:5      | Found a bloodstained altar of Trog.
  3799 | D:5      | Found a glowing drain.
  3803 | Sewer    | Entered a sewer
  4117 | Sewer    | Reached XP level 8. HP: 67/71 MP: 7/7
  4215 | Sewer    | Reached skill level 7 in Fighting
  4424 | D:5      | Noticed Sigmund
  4527 | D:6      | Noticed a hippogriff
  4533 | D:6      | Reached * piety under Okawaru
  4534 | D:6      | Killed a hippogriff
  4791 | D:6      | Reached skill level 5 in Long Blades
  4982 | D:6      | Found a sparkling altar of Nemelex Xobeh.
  5019 | D:6      | Reached ** piety under Okawaru
  5019 | D:6      | Reached skill level 8 in Fighting
  5351 | D:6      | Reached XP level 9. HP: 74/81 MP: 8/8
  5773 | D:6      | Noticed Grinder
  5777 | D:6      | Paralysed by Grinder for 2 turns
  5783 | D:6      | Killed Grinder
  5897 | D:6      | Reached skill level 1 in Invocations
  6379 | D:7      | Found a hide-covered altar of Uskayaw.
  6587 | D:7      | Reached *** piety under Okawaru
  6841 | D:7      | Reached skill level 5 in Invocations
  6879 | D:7      | Got a warped garnet amulet
  6880 | D:7      | Identified the amulet "Uckof" {Regen+ SInv} (You found it
                  | on level 7 of the Dungeon)
  7595 | D:8      | Noticed a five-headed hydra
  7603 | D:8      | Killed a six-headed hydra
  7603 | D:8      | Reached **** piety under Okawaru
  7603 | D:8      | Reached XP level 10. HP: 89/89 MP: 11/15
  7661 | D:8      | Found a stormy altar of Qazlal.
  8448 | D:9      | Reached skill level 9 in Fighting
  8656 | D:9      | Reached ***** piety under Okawaru
  8687 | D:9      | You fall into a shaft and drop 1 floor!
  8687 | D:10     | Entered Level 10 of the Dungeon
  8973 | D:9      | Reached skill level 1 in Evocations
  9000 | D:9      | Received a gift from Okawaru
  9158 | D:10     | Reached XP level 11. HP: 87/97 MP: 16/16
  9189 | D:10     | Found a staircase to the Lair.
  9697 | D:10     | Found Liukhlihy's Armour Shoppe.
  9710 | D:10     | Bought a +1 cloak of stealth for 231 gold pieces
  9910 | Lair:1   | Entered Level 1 of the Lair of Beasts
  9930 | Lair:1   | Reached skill level 10 in Fighting
 10035 | Lair:1   | Got a bloodstained hat
 10041 | Lair:1   | Identified the +2 hat of Kudwad {MP+9} (You found it on
                  | level 1 of the Lair of Beasts)
 10385 | Lair:1   | Found a frozen archway.
 10389 | Lair:1   | Noticed a six-headed hydra
 10394 | IceCv    | Entered an ice cave
 10394 | IceCv    | Noticed a white ugly thing
 10411 | IceCv    | HP: 3/101 [white ugly thing (16)]
 10419 | IceCv    | Killed a white ugly thing
 10419 | IceCv    | Reached skill level 10 in Armour
 10551 | IceCv    | Found a transporter.
 10570 | IceCv    | Noticed a white ugly thing
 10574 | IceCv    | Killed a white ugly thing
 10593 | Lair:1   | HP: 5/101 [eight-headed hydra (1)]
 10828 | Lair:2   | Received a gift from Okawaru
 10828 | Lair:2   | Reached skill level 11 in Fighting
 10848 | Lair:2   | Got a steaming dagger {god gift}
 10855 | Lair:2   | Found a staircase to the Swamp.
 11021 | Lair:2   | Reached skill level 10 in Long Blades
 11021 | Lair:2   | Reached XP level 12. HP: 93/110 MP: 17/17
 11042 | Lair:2   | Identified the +0 dagger of Calculation {flame, *Noise rC+
                  | MR+ Int+8 Dex+3} (Okawaru gifted it to you on level 2 of
                  | the Lair of Beasts)
 11841 | D:11     | Reached skill level 1 in Maces & Flails
 12078 | D:11     | Noticed Nergalle
 12107 | D:11     | Killed Nergalle
 12167 | D:10     | Killed an eight-headed hydra
 12167 | D:10     | Reached skill level 5 in Maces & Flails
 12908 | Lair:3   | Found a hole to the Spider Nest.
 12913 | Lair:3   | Reached skill level 12 in Fighting
 12922 | Lair:3   | Received a gift from Okawaru
 12925 | Lair:3   | Got a fading scale mail {god gift}
 12954 | Lair:3   | Identified the +0 scale mail "Dudeov" {*Corrode rN+ Int+4
                  | Stlth-} (Okawaru gifted it to you on level 3 of the Lair of
                  | Beasts)
 13857 | Lair:4   | Noticed an ice dragon
 13881 | Lair:4   | Killed an ice dragon
 13924 | Lair:4   | Noticed a catoblepas
 13934 | Lair:4   | Killed a catoblepas
 13934 | Lair:4   | Reached skill level 5 in Evocations
 14066 | Lair:4   | Noticed Nessos
 14069 | Lair:4   | Noticed a four-headed hydra
 14093 | Lair:5   | HP: 5/113 [poisoned by Nessos]
 14098 | Lair:5   | HP: 5/113 [poisoned by Nessos]
 14153 | Lair:5   | Paralysed by a hornet for 3 turns
 14163 | Lair:5   | HP: 4/113 [komodo dragon (5)]
 14171 | Lair:5   | HP: 4/113 [spriggan/+0 rapier (5)]
 14345 | Lair:5   | Reached XP level 13. HP: 119/119 MP: 18/18
 14754 | D:11     | Reached skill level 13 in Fighting
 15582 | D:12     | Found a staircase to the Orcish Mines.
 15690 | D:12     | Found a portal to a secret trove of treasure.
 15969 | D:12     | Noticed Josephine
 15979 | D:12     | Killed Josephine
 15989 | D:12     | Received a gift from Okawaru
 16164 | D:12     | Found a blossoming altar of Fedhas.
 16805 | D:13     | Reached skill level 5 in Slings
 16816 | D:13     | Got a slimy morningstar
 16817 | D:13     | Identified the +9 morningstar of Infinite Pain {speed,
                  | Str+4 Int+2} (You found it on level 13 of the Dungeon)
 17605 | D:14     | Received a gift from Okawaru
 17730 | D:14     | Found a gate to the Vaults.
 17730 | D:14     | Noticed an ironheart preserver
 17748 | D:14     | Killed an ironheart preserver
 17821 | D:14     | Received a gift from Okawaru
 18261 | D:14     | Received a gift from Okawaru
 18310 | D:15     | Entered Level 15 of the Dungeon
 18929 | D:15     | Reached skill level 10 in Shields
 19200 | D:15     | Found a staircase to the Depths.
 19252 | D:15     | Reached skill level 14 in Fighting
 19252 | D:15     | Reached XP level 14. HP: 119/132 MP: 19/19
 19993 | Lair:4   | Killed Nessos
 21144 | Lair:5   | Reached ****** piety under Okawaru
 21331 | Lair:6   | Entered Level 6 of the Lair of Beasts
 21579 | Lair:6   | Reached skill level 1 in Stealth
 21676 | Lair:6   | Found a staircase to the Slime Pits.
 21858 | Lair:6   | Received a gift from Okawaru
 22608 | Lair:6   | Received a gift from Okawaru
 22689 | Lair:6   | Got a polished plate armour
 22691 | Lair:6   | Got a faintly glowing robe
 22702 | Lair:6   | Identified the +1 plate armour "Kuuqoun" {rC+} (You found
                  | it on level 6 of the Lair of Beasts)
 22712 | Lair:6   | Identified the cursed +1 robe of the Black Moon {*Corrode
                  | rElec rN+ MR+++} (You found it on level 6 of the Lair of
                  | Beasts)
 23019 | Lair:1   | Reached skill level 15 in Fighting
 23160 | Orc:1    | Entered Level 1 of the Orcish Mines
 23160 | Orc:1    | Found Beyff's Antique Weapon Shoppe.
 23188 | D:12     | Received a gift from Okawaru
 23791 | Orc:2    | Entered Level 2 of the Orcish Mines
 23806 | Orc:2    | Noticed an orc warlord
 23917 | Orc:1    | Killed an orc warlord
 23917 | Orc:1    | Received a gift from Okawaru
 24093 | Orc:1    | Reached skill level 5 in Dodging
 24093 | Orc:1    | Reached XP level 15. HP: 119/141 MP: 20/20
 24426 | Orc:1    | Paralysed by an orc sorcerer for 7 turns
 24838 | Orc:2    | Found Xorirofi's Antique Weapon Shoppe.
 24845 | Orc:2    | Found Raneap's Antique Armour Shop.
 24973 | Orc:2    | Found Doumomut's Jewellery Shop.
 25016 | Orc:2    | Bought an uncursed ring of protection from magic for 300
                  | gold pieces
 25316 | Orc:1    | Reached skill level 10 in Maces & Flails
 25318 | Orc:2    | Paralysed by an orc sorcerer for 3 turns
 25330 | Orc:1    | Received a gift from Okawaru
 25491 | Orc:2    | Found a staircase to the Elven Halls.
 25519 | Orc:2    | Found Berom's General Store.
 25539 | Orc:2    | Bought a scroll of enchant armour for 90 gold pieces
 25671 | Elf:1    | Entered Level 1 of the Elven Halls
 26010 | Elf:1    | Received a gift from Okawaru
 26011 | Elf:1    | Got a polished cloak {god gift}
 26022 | Elf:1    | Identified the +0 cloak "Soviq" {rPois Str+9 Stlth-}
                  | (Okawaru gifted it to you on level 1 of the Elven Halls)
 26401 | Elf:1    | HP: 3/141 [deep elf archer/arrow (8)]
 27402 | Elf:1    | Noticed a deep elf sorcerer
 27655 | Elf:1    | Killed a deep elf sorcerer
 27924 | Elf:1    | Cast into level 2 of the Abyss (+1 battleaxe of distortion)
 27953 | Abyss:2  | Found a corrupted altar of Lugonu.
 28015 | Abyss:2  | Paralysed by accursed screaming for 1 turns
 28130 | Abyss:2  | Noticed a daeva
 28153 | Abyss:2  | Killed a daeva
 28230 | Abyss:2  | HP: 5/141 [raiju (9)]
 28323 | Abyss:2  | HP: 3/141 [starcursed mass/accursed screaming (8)]
 28356 | Abyss:2  | HP: 5/141 [starcursed mass/accursed screaming (10)]
 28358 | Abyss:3  | Found a corrupted altar of Lugonu.
 28390 | Abyss:3  | Got a fine chain mail
 28396 | Abyss:3  | Identified the +0 chain mail of Untruth {Regen+ Int+7} (You
                  | found it on level 3 of the Abyss)
 28428 | Abyss:3  | Paralysed by you for 3 turns
 28437 | Abyss:3  | Received a gift from Okawaru
 28456 | Abyss:3  | Reached XP level 16. HP: 70/149 MP: 21/21
 28525 | Abyss:3  | Lost intelligence.
 28543 | Abyss:3  | HP: 3/149 [starcursed mass/accursed screaming (6)]
 28544 | Abyss:3  | Killed from afar by a smoke demon

Illustrated notes

Levels and vault maps discovered:
D:1:      eino_arrival_cavern_e, layout_basic, minivault_19
D:2:      layout_loops_cross, grunt_dithmenos_smoke, first_ration,
          serial_forest, infiniplex_forest_clump_curved,
          infiniplex_forest_end_2, infiniplex_forest_fountain,
          infiniplex_forest_clump_large, infiniplex_forest_side_room,
          infiniplex_forest_clump_diagonal, infiniplex_forest_lined_2,
          infiniplex_forest_straight_3, infiniplex_forest_straight_4,
          uniq_natasha
D:3:      layout_loops_ring, gammafunk_temple_overflow_elements, bloody_makhleb,
          overflow_temple_1_default
D:4:      old_forge, layout_cave_pools, lemuel_zombie_altar_yredelemnul,
          minmay_temple_entry_stoned_glass, serial_shops, nicolae_shop_stone,
          st_stairs_10
D:5:      layout_rooms, old_standard_altar, gup_sewer_entry_bowl,
          lemuel_angel_altar, uniq_sigmund
D:6:      layout_basic, nemelex_xobeh_ov_fountains_minmay, uniq_grinder
D:7:      minmay_blocky_corners, layout_loops_corners, lemuel_doored_altar
D:8:      minmay_bloctagon_deflated, layout_loops_cross,
          nicolae_qazlal_style_of_elements
D:9:      layout_irregular_city
D:10:     layout_roguey, erik_lair_orcish_takeover, serial_shops,
          nicolae_shop_statue_plus
D:11:     layout_grid_maze, uniq_nergalle
D:12:     layout_roguey, orc_0_dummy, basic_altar,
          nicolae_trove_entry_free_sample, serial_glass, glass_columns_b,
          glass_columns_a, uniq_josephine
D:13:     layout_long_grid
D:14:     layout_gridville, skrybe_vaults_entry_preservation,
          nrook_mini_backslash
D:15:     hangedman_depths_entry_civil_slaughter, layout_gridville
Temple:   nicolae_temple_x_marks_the_god
Lair:1:   layout_misc_corridors, portal_ice_cave_entry_pillars_1
Lair:2:   layout_big_grid, skrybe_swamp_entry_bodies, serial_bayou_pond_d,
          infiniplex_staircase_pool_2, lemuel_fruit_fields
Lair:3:   layout_gridlike, spider_nest_entry_a, grunt_megastairs_3
Lair:4:   layout_long_grid, ice2_lemuel, uniq_nessos
Lair:5:   layout_misc_corridors, chequers_serial_rivers_small_a,
          chequers_serial_rivers_micro_a, wad_woods_01
Lair:6:   evilmike_catoblepas_cave, layout_cave_pods, dpeg_slime_entry_corner
Orc:1:    layout_caves, serial_shops, shop
Orc:2:    grunt_orc_gardens, layout_diamond_mine, grunt_orc_garden,
          grunt_orc_garden, grunt_orc_garden, grunt_orc_garden
Elf:1:    minmay_elf_arrival_summoners, layout_onion_city,
          minmay_elf_annihilation, grunt_megastairs_2
Abyss:3:  base: Vaults:5, base: D:5, evilmike_abyss_exit_9,
          evilmike_abyss_exit_kraken, doesnt_abyss_rune_brain_food,
          nicolae_abyss_rune_star_stuff

Skill      XL: |  1  2  3  4  5  6  7  8  9 10 11 12 13 14 15 |
---------------+----------------------------------------------+-----
Short Blades   | 1 2 3 4 |  4.6
Shields        | 4 5 7 8 9 10 11 | 11.6
Fighting       | 4 5 6 8 9 11 12 14 15 | 15.0
Armour         | 4 5 7 8 10 11 12 13 | 13.2
Dodging        | 1 2 3 5 8 |  8.0
Long Blades    | 3 5 6 7 10 11 12 | 12.2
Invocations    | 8 9 |  9.0
Evocations     | 2 3 5 6 |  6.1
Maces & Flails | 5 7 9 14 | 14.8
Slings         | 5 |  5.3
Stealth        | 3 |  3.1

Action                   |  1- 3 |  4- 6 |  7- 9 | 10-12 | 13-15 | 16-18 || total
-------------------------+-------+-------+-------+-------+-------+-------++-------
Melee: Long sword        |     9 |    63 |       |       |       |       ||    72
       Headbutt          |    14 |    29 |   118 |   178 |   329 |     3 ||   671
       Dagger            |    64 |    38 |       |       |       |       ||   102
       Short sword       |       |    99 |    80 |       |       |       ||   179
       Falchion          |       |       |   439 |   240 |       |       ||   679
       Great sword       |       |       |       |   380 |   134 |       ||   514
       Flail             |       |       |       |    63 |    37 |       ||   100
       Morningstar       |       |       |       |       |  1149 |     9 ||  1158
 Fire: Hunting sling     |       |       |       |       |     3 |       ||     3
Throw: Dart              |     1 |     5 |    12 |     6 |       |       ||    24
       Stone             |       |       |       |       |     1 |       ||     1
Invok: Heroism           |       |       |     1 |     7 |     8 |       ||    16
       Finesse           |       |       |       |     3 |     3 |       ||     6
Evoke: Wand              |       |       |       |       |     4 |       ||     4
  Use: Scroll            |     2 |     8 |     7 |    15 |    15 |     1 ||    48
       Potion            |       |       |     6 |    12 |    15 |       ||    33
 Stab: Invisible         |       |       |       |     2 |     2 |       ||     4
       Sleeping          |       |       |       |     1 |       |       ||     1
  Eat: Chunk             |       |     4 |    15 |    15 |    30 |       ||    64
       Ration            |       |     1 |       |     3 |     5 |       ||     9
Armor: Scale mail        |    26 |    26 |       |       |       |       ||    52
       Leather armour    |       |     7 |       |       |       |       ||     7
       Swamp dragon scal |       |    31 |    87 |       |       |       ||   118
       Plate armour      |       |       |   107 |   556 |   695 |     5 ||  1363
Dodge: Dodged            |    15 |    48 |   140 |   292 |   406 |     3 ||   904
Block: Kite shield       |    28 |    87 |   271 |   152 |   677 |    12 ||  1227
       Rpst.: Long sword |       |     4 |       |       |       |       ||     4
       Falchion          |       |       |    26 |    11 |       |       ||    37
       Great sword       |       |       |       |    72 |    22 |       ||    94
